 Dungeon Crawl Stone Soup version 0.31-a0-963-ga325b2283a (webtiles) character file.

Game seed: 8125567332050796888

403 LeprechaunX the Changeling (level 6, -8/42 HPs)
             Began as an Octopode Shapeshifter on Oct 25, 2023.
             Splashed by a jelly's acid (9 damage)
             ... on level 4 of the Dungeon.
             The game lasted 00:04:21 (3184 turns).

LeprechaunX the Changeling (Octopode Shapeshifter)  Turns: 3184, Time: 00:04:22

Health: -8/42      AC: -7    Str: 15    XL:     6   Next: 86%
Magic:  6/6        EV: 11    Int: 12    God:
Gold:   142        SH:  7    Dex: 12    Spells: 5/5 levels left

rFire   + .          .
                       - Unarmed
rCold   + . .        r - +0 kite shield
rNeg    . . .        (helmet currently unavailable)
rPois   .            (no amulet)
rElec   .            i - ring of willpower
rCorr   .            m - ring of protection from fire
SInv    .            q - ring of protection from cold
Will    +....        (no ring)
Stlth   ++           (no ring)
HPRegen 0.27/turn    (no ring)
MPRegen 0.10/turn    (no ring)
                     (no ring)

%: no passive effects
@: beast-form, corroded
A: beast (slay +2), almost no armour, amphibious, 8 rings, camouflage 1,
gelatinous body 1, (nimble swimmer 1), tentacles
a: Begin Untransformation


You were on level 4 of the Dungeon.
You were a hulking beast.
You visited 1 branch of the dungeon, and saw 4 of its levels.

You collected 142 gold pieces.

Inventory:

Hand Weapons
 a - a +0 sling
Armour
 r - a +0 kite shield (worn)
Jewellery
 i - a ring of willpower (left tentacle)
 m - a ring of protection from fire (right tentacle)
 q - a ring of protection from cold (on tentacle)
Talismans
 b - a beast talisman
 c - a flux talisman
Wands
 l - a wand of flame (30)
Scrolls
 d - 2 scrolls of enchant weapon {unknown}
 f - 2 scrolls of teleportation {unknown}
 g - 4 scrolls of identify {unknown}
 h - a scroll of torment {unknown}
 o - a scroll of silence {unknown}
Potions
 e - a potion of lignification
 j - a potion of attraction {unknown}
 k - a potion of haste {unknown}
 n - a potion of curing {unknown}
 p - a potion of might {unknown}


   Skills:
 + Level 3.0 Fighting
 + Level 2.6 Ranged Weapons
 - Level 2.0 Dodging
 + Level 0.2 Shields
 + Level 4.2 Unarmed Combat
 * Level 5.0 Shapeshifting


You had 5 spell levels left.
You didn't know any spells.
Your spell library contained the following spells:

 Spells                   Type           Power      Damage    Failure   Level
 Magic Dart               Conj           0%         1d3       75%         1
 Searing Ray              Conj           0%         2d4       87%         2
 Fulminant Prism          Conj/Hex       0%         3d5       100%        4


Dungeon Overview and Level Annotations

Branches:
Dungeon (4/15)
 Temple: D:4-7

Altars:

Shops:
D:1 ?

Annotations:
D:3 1 runed translucent door, Crazy Yiuf


Innate Abilities, Weirdness & Mutations

You are a hulking beast.
Your limbs bulge with bestial killing power. (Slay +2)
You cannot wear most types of armour.
You are amphibious.
You can wear up to eight rings at the same time.
Your skin changes colour to match your surroundings (Stealth+).
Your rubbery body absorbs attacks. (AC +1, EV +1)
((You are camouflaged when in or above water. (Stealth+)))
You have tentacles for arms and can constrict up to eight enemies at once.


Message History

The orc wizard hits you but does no damage.
You tentacle-slap the orc wizard. You grab the orc wizard.
You squeeze the orc wizard.
The orc wizard is moderately wounded.
You constrict the orc wizard. The orc barely misses you.
The orc wizard hits you with a +0 dagger.
The orc closely misses you.
You bludgeon the orc wizard!
The orc wizard is severely wounded.
You constrict the orc wizard. The orc hits you with a +0 club.
The orc wizard gestures at you while chanting.
You resist with almost no effort. The orc barely misses you.
You bludgeon the orc wizard!
You kill the orc wizard!
You block the orc's attack. The orc hits you with a +0 club.
Your Shapeshifting skill increases to level 5!
You tentacle-slap the orc.
You kill the orc!
The orc hits you with a +0 short sword.
You tentacle-slap the orc. Your grab misses the orc. You tentacle-slap the orc.
You kill the orc!
The jelly barely misses you.
You tentacle-slap the jelly. The acid corrodes you!
Your tentacles burn!
The jelly is lightly wounded.
You block the jelly's attack.
You tentacle-slap the jelly.
Your tentacles burn!
You squeeze the jelly.
The jelly is heavily wounded.
The jelly hits you.
You are splashed with acid!
An adder comes into view.
The adder hisses angrily.
You tentacle-slap the jelly.
Your tentacles burn!
The jelly is severely wounded.
The jelly hits you.
* * * LOW HITPOINT WARNING * * *
You are splashed with acid!
* * * LOW HITPOINT WARNING * * *
The jelly hits you.
* * * LOW HITPOINT WARNING * * *
The acid corrodes you!
You are splashed with acid!
You die...

#.<......
#........
#........
#........
#........
##........
#.)).S....
#.hJ..#
#<....#
#.........
#....$....
#.........
###+######


You could see a jelly and an adder.

Vanquished Creatures
  Sigmund (D:2)
  Natasha (thrice) (D:2)
  2 orc wizards
  Ijyb (D:3)
  3 dart slugs
  7 orcs
  6 bats
  9 endoplasms
  2 giant cockroaches (D:1)
  8 goblins
  5 hobgoblins
  6 jackals (D:3)
  7 ball pythons
  4 frilled lizards (D:1)
  4 kobolds
  5 rats (D:1)
73 creatures vanquished.

Notes
Turn   | Place    | Note
-------+----------+-------------------------------------------
     0 | D:1      | LeprechaunX the Octopode Shapeshifter began the quest for
                  | the Orb.
     0 | D:1      | Reached XP level 1. HP: 13/13 MP: 1/1
   190 | D:1      | Reached XP level 2. HP: 18/18 MP: 2/2
   677 | D:1      | Reached XP level 3. HP: 18/23 MP: 3/3
   772 | D:1      | Found a transporter.
   772 | D:1      | Found Pohawk's Magic Scroll Boutique.
   775 | D:1      | Found a transporter.
  1359 | D:2      | Noticed Sigmund
  1374 | D:2      | Killed Sigmund
  1375 | D:2      | Reached skill level 4 in Shapeshifting
  1375 | D:2      | Reached XP level 4. HP: 14/30 MP: 4/4
  1375 | D:2      | Reached XP level 5. HP: 16/35 MP: 5/5
  1558 | D:2      | Noticed Natasha
  1566 | D:2      | Killed Natasha
  1567 | D:2      | Reached XP level 6. HP: 19/41 MP: 6/6
  1698 | D:2      | Noticed Natasha
  1707 | D:2      | Killed Natasha
  1929 | D:2      | Noticed Natasha
  1939 | D:2      | Killed Natasha
  2252 | D:3      | Noticed Ijyb
  2259 | D:3      | Killed Ijyb
  2404 | D:3      | Found a runed translucent door.
  2405 | D:3      | Noticed Crazy Yiuf
  3178 | D:4      | Reached skill level 5 in Shapeshifting
  3184 | D:4      | HP: 1/42 [jelly (3)]
  3184 | D:4      | Splashed by a jelly's acid

Illustrated notes

Levels and vault maps discovered:
D:1:      ebering_hopf_link, layout_loops_corners, serial_shops,
          nicolae_shop_drivethru, serial_forest, infiniplex_forest_lined_room_,
          infiniplex_forest_lined_room_2, infiniplex_forest_clump_small,
          infiniplex_forest_join, infiniplex_forest_clump_double,
          infiniplex_forest_corner_2, infiniplex_forest_lined_3_way
D:2:      layout_basic, uniq_natasha, uniq_sigmund
D:3:      layout_loops_ring, grunt_decor_one_mirror, uniq_ijyb,
          uniq_crazy_yiuf_cottage
D:4:      layout_gridville, pf_just_have_faith, bh_walls_and_bars

Skill      XL: |  1  2  3  4  5  6 |
---------------+-------------------+-----
Fighting       | 2 3 |  3.0
Ranged Weapons | 2 |  2.6
Shapeshifting  | 4 5 |  5.0
Unarmed Combat | 4 |  4.2
Dodging        | |  2.0
Shields        | |  0.2

Action                     |  1- 3 |  4- 6 || total
---------------------------+-------+-------++-------
  Melee: Unarmed           |    88 |    69 ||   157
         Constrict         |    13 |    16 ||    29
         Tentacles         |    10 |    11 ||    21
         Punch             |     1 |     3 ||     4
    Use: Potion            |     1 |       ||     1
   Stab: Sleeping          |     9 |     6 ||    15
         Distracted        |       |     1 ||     1
 Armour: Skin              |    30 |    35 ||    65
  Dodge: Dodged            |    35 |    31 ||    66
  Block: Kite shield       |       |     3 ||     3

Table legend: (Time is in decaauts)
 A = Elapsed time spent in this place.
 B = Non-inter-level travel time spent in this place.
 C = Inter-level travel time spent in this place.
 D = Time resting spent in this place.
 E = Time spent auto-exploring this place.
 F = Levels seen in this place.
 G = Mean time per level.
                   A        B        C        D        E       F      G
               +--------+--------+--------+--------+--------+-----+--------+
         Total |   3172 |   2992 |    180 |    105 |   2460 |   4 |  793.0 |
       Dungeon |   3172 |   2992 |    180 |    105 |   2460 |   4 |  793.0 |
               +--------+--------+--------+--------+--------+-----+--------+

Top non-repeatable levels by time:
     D:1: 1227 daAuts
     D:3: 1058 daAuts
     D:2: 873 daAuts
     D:4: 13 daAuts
